 Dungeon Sprint DCSS version 0.30-a0-469-g84de5afbc5 (webtiles) character file.

Game seed: 16105477932624842241

11900000 NinjaNoafa the Invulnerable (level 27, -22/199 HPs)
             Began as a Gargoyle Fighter on Dec 19, 2022.
             Was the Champion of Makhleb.
             Annihilated by a sculptor of flesh
             ... wielding a +9 great sword
              (55 damage)
             ... in the Dungeon (Sprint VIII: "Arena of Blood").
             The game lasted 00:02:25 (119 turns).

NinjaNoafa the Invulnerable (Gargoyle Fighter)       Turns: 119, Time: 00:02:26

Health: -22/199    AC: 34    Str: 22    XL:     27
Magic:  40/54      EV: 27    Int: 11    God:    Makhleb [******]
Gold:   0          SH:  0    Dex: 19    Spells: 80/80 levels left

rFire   . . .      SeeInvis .    k - +∞ Axe of Woe
rCold   . . .      Faith    .    (shield currently unavailable)
rNeg    + . .      Spirit   .    b - +0 scale mail
rPois   ∞          Reflect  .    (no helmet)
rElec   +          Harm     .    (no cloak)
rCorr   .          Rampage  .    (no gloves)
Will    ++...      NoTele   +    (no boots)
Stlth   ++++++++..               (no amulet)
HPRegen 0.53/turn                (no ring)
MPRegen 0.34/turn                (no ring)

@: mighty, on berserk cooldown, flying, slowed, very slow
A: sickness immunity, AC +20, big wings, negative energy resistance 1,
electricity resistance, torment resistance 1, petrification resistance
a: Renounce Religion, Minor Destruction, Lesser Servant of Makhleb, Major
Destruction, Greater Servant of Makhleb


You were in the Dungeon.
You worshipped Makhleb.
Makhleb was exalted by your worship.
You visited 1 branch

Inventory:

Hand Weapons
 a - a +0 war axe
 k - the +∞ Axe of Woe (weapon)
   (You found it in the Dungeon)
Armour
 b - a +0 scale mail (worn)
 c - a +0 buckler
Jewellery
 d - a +30 ring of slaying
 f - a +30 ring of slaying
Potions
 e - a potion of curing
 g - a potion of haste
 h - 2 potions of magic


   Skills:
 O Level 27 Fighting
 O Level 27 Short Blades
 O Level 27 Long Blades
 O Level 27 Axes
 O Level 27 Maces & Flails
 O Level 27 Polearms
 O Level 27 Staves
 O Level 27 Ranged Weapons
 O Level 27 Throwing
 O Level 27 Armour
 O Level 27 Dodging
 O Level 27 Stealth
 O Level 27 Shields
 O Level 27 Unarmed Combat
 O Level 27 Spellcasting
 O Level 27 Conjurations
 O Level 27 Hexes
 O Level 27 Summonings
 O Level 27 Necromancy
 O Level 27 Translocations
 O Level 27 Transmutations
 O Level 27 Fire Magic
 O Level 27 Ice Magic
 O Level 27 Air Magic
 O Level 27 Earth Magic
 O Level 27 Poison Magic
 O Level 27 Invocations
 O Level 27 Evocations


You had 80 spell levels left.
You didn't know any spells.
Your spell library was empty.

Dungeon Overview and Level Annotations

Branches:
Dungeon (1/1)

Altars:
Makhleb


Innate Abilities, Weirdness & Mutations

You are immune to sickness and miasma.
Your stone body is resilient. (AC +20)
You are immune to poison.
Your large and strong wings let you fly.
You resist negative energy. (rN+)
You are resistant to electric shocks. (rElec)
You are resistant to unholy torment.
You are immune to petrification.


Message History

A dread comes into view.
The dread hits you but does no damage.
You hear a shout! x2
A bag of meat comes into view. It is wielding a +9 war axe.
The meat berserker is engulfed in blazing flames.
The meat berserker closely misses you.
You feel something staring at you. Something smites you!
The accursed gestures at you while chanting.
Something smites you!
A destroyer comes into view. It is wielding a +9 vorpal great sword.
The sculptor of flesh is engulfed in blazing flames.
The accursed is engulfed in blazing flames.
The accursed barely misses you.
The dread calls on the powers of darkness!
The meat berserker convulses!
Your body is wracked with pain!
The bag of meat convulses! x2; The scourge convulses!
The fleshlord convulses!
The bag of meat convulses!
Something is bathed in an unholy light!
The scourge convulses!
The bag of meat convulses! x3
You hear a shout!
d - a +30 ring of slaying;
f - a +30 ring of slaying
Things that are here:
a +9 war axe; a +9 war axe The fleshlord appears out of thin air!
A fleshlord comes into view. It is wielding a +9 great mace.
The fleshlord appears out of thin air!
A fleshlord comes into view. It is wielding a +9 great mace.
The fleshlord shouts!
You feel something staring at you. Something smites you!
You hear a shout!
The meat berserker is engulfed in blazing flames.
The meat berserker hits you with a +9 battleaxe!!
* * * LOW HITPOINT WARNING * * *
You hear a shout! x2
The accursed gestures at you while chanting.
Something smites you!
* * * LOW HITPOINT WARNING * * *
The sculptor of flesh is engulfed in blazing flames.
The sculptor of flesh hits you with a +9 great sword!!!
You die...

.... .. .....
.........))..# #...
.o.#....o...)... . #...
...# ..........# ..###...
VW.###......)...
.......###..W........).#
.......)_p.M.o.......).
....#O))).#...W)))#S#...
. #_)<)_#...O@§)o.o..§
...#.))).#...§zM#o#.#.§
.......o_......)§§..))..§
.......###))....o)o#†#.#.
..###....).)###..........
. #....)))# ........o..
#.....M.#......p...p.
......M...............
.............#...#○..


You could see 2 accurseds, a destroyer (wandering), a scourge, 3 fleshlords, a
sculptor of flesh, 3 dreads, a meat berserker (berserk) and 8 bags of meat.

Vanquished Creatures
  Sigmund (D)
  12 hell beasts (D)
  6 royal mummies (D)
  5 great orbs of eyes (D)
  6 wraiths (D)
  Harold (D)
  22 vampire knights (D)
  49 ogres (D)
  4 two-headed ogres (D)
  8 liches (D)
  A hydra (D)
  6 phantoms (D)
  72 orcs (D)
  5 skeletal warriors (D)
  A sea snake (D)
199 creatures vanquished.

Vanquished Creatures (others)
  A great orb of eyes (D)
  3 ogres (D)
  6 two-headed ogres (D)
  A hydra (D)
  11 orcs (D)
22 creatures vanquished.

Grand Total: 221 creatures vanquished

Notes
Turn   | Place    | Note
-------+----------+-------------------------------------------
     0 | D        | Found the +∞ Axe of Woe
     0 | D        | NinjaNoafa the Gargoyle Fighter began the quest for the
                  | Orb.
     0 | D        | Reached XP level 1. HP: 14/14 MP: 1/1
     1 | D        | Noticed a bag of meat
     1 | D        | Noticed a bag of meat
     2 | D        | Noticed a meat berserker
     2 | D        | Noticed a bag of meat
     2 | D        | Noticed a bag of meat
     4 | D        | Noticed a bag of meat
     5 | D        | Noticed a bag of meat
     7 | D        | Killed a bag of meat
     7 | D        | Killed a meat berserker
     7 | D        | Noticed a bag of meat
     7 | D        | Noticed a bag of meat
     8 | D        | Reached skill level 15 in Axes
     8 | D        | Reached XP level 2. HP: 38/38 MP: 2/2
     8 | D        | Reached XP level 3. HP: 43/43 MP: 3/3
     8 | D        | Reached XP level 4. HP: 49/49 MP: 4/4
     8 | D        | Reached XP level 5. HP: 54/54 MP: 5/5
     8 | D        | Reached XP level 6. HP: 60/60 MP: 6/6
     8 | D        | Reached XP level 7. HP: 65/65 MP: 7/7
     8 | D        | Reached XP level 8. HP: 71/71 MP: 8/8
     8 | D        | Reached XP level 9. HP: 76/76 MP: 9/9
     8 | D        | Reached XP level 10. HP: 81/81 MP: 10/10
     8 | D        | Reached XP level 11. HP: 87/87 MP: 11/11
     8 | D        | Reached XP level 12. HP: 92/92 MP: 12/12
     8 | D        | Killed a bag of meat
     9 | D        | Reached XP level 13. HP: 100/100 MP: 13/13
     9 | D        | Killed a bag of meat
     9 | D        | Killed a bag of meat
     9 | D        | Noticed a meat berserker
     9 | D        | Noticed a bag of meat
     9 | D        | Noticed a meat berserker
    10 | D        | Gained mutation: Your large and strong wings let you fly.
                  | [Gargoyle growth]
    10 | D        | Reached XP level 14. HP: 110/110 MP: 14/14
    11 | D        | Killed a bag of meat
    12 | D        | Noticed a meat berserker
    12 | D        | Killed a bag of meat
    12 | D        | Noticed a bag of meat
    12 | D        | Noticed a bag of meat
    13 | D        | Killed a meat berserker
    13 | D        | Killed a bag of meat
    14 | D        | Reached XP level 15. HP: 120/120 MP: 15/15
    14 | D        | Noticed a meat berserker
    14 | D        | Killed a meat berserker
    14 | D        | Killed a meat berserker
    14 | D        | Noticed a meat berserker
    15 | D        | Reached XP level 16. HP: 132/132 MP: 16/16
    16 | D        | Noticed a meat berserker
    17 | D        | Reached skill level 27 in Fighting
    17 | D        | Reached skill level 27 in Armour
    17 | D        | Reached skill level 27 in Shields
    18 | D        | Noticed a meat berserker
    19 | D        | Killed a meat berserker
    20 | D        | Reached skill level 27 in Axes
    20 | D        | Reached skill level 1 in Short Blades
    20 | D        | Reached skill level 1 in Long Blades
    20 | D        | Reached skill level 1 in Maces & Flails
    20 | D        | Reached skill level 1 in Polearms
    20 | D        | Reached skill level 1 in Staves
    20 | D        | Reached skill level 1 in Ranged Weapons
    20 | D        | Reached skill level 1 in Throwing
    20 | D        | Reached skill level 1 in Dodging
    20 | D        | Reached skill level 1 in Stealth
    20 | D        | Reached skill level 1 in Unarmed Combat
    20 | D        | Reached skill level 1 in Spellcasting
    20 | D        | Reached skill level 1 in Conjurations
    20 | D        | Reached skill level 1 in Hexes
    20 | D        | Reached skill level 1 in Summonings
    20 | D        | Reached skill level 1 in Necromancy
    20 | D        | Reached skill level 1 in Translocations
    20 | D        | Reached skill level 1 in Transmutations
    20 | D        | Reached skill level 1 in Fire Magic
    20 | D        | Reached skill level 1 in Ice Magic
    20 | D        | Reached skill level 1 in Air Magic
    20 | D        | Reached skill level 1 in Earth Magic
    20 | D        | Reached skill level 1 in Poison Magic
    20 | D        | Reached skill level 1 in Evocations
    20 | D        | Reached XP level 17. HP: 139/139 MP: 16/19
    20 | D        | Killed a meat berserker
    21 | D        | Noticed a meat berserker
    21 | D        | Noticed a meat berserker
    22 | D        | Killed a meat berserker
    23 | D        | Reached skill level 5 in Maces & Flails
    23 | D        | Reached skill level 5 in Staves
    23 | D        | Reached skill level 5 in Ranged Weapons
    23 | D        | Reached skill level 5 in Unarmed Combat
    23 | D        | Reached skill level 5 in Conjurations
    23 | D        | Reached skill level 5 in Hexes
    23 | D        | Reached skill level 5 in Fire Magic
    23 | D        | Reached skill level 5 in Ice Magic
    23 | D        | Reached skill level 5 in Poison Magic
    23 | D        | Reached skill level 5 in Evocations
    23 | D        | Noticed a destroyer
    24 | D        | Noticed a large bag of meat
    24 | D        | Killed a destroyer
    25 | D        | Reached skill level 5 in Short Blades
    25 | D        | Reached skill level 5 in Long Blades
    25 | D        | Reached skill level 5 in Polearms
    25 | D        | Reached skill level 5 in Throwing
    25 | D        | Reached skill level 5 in Dodging
    25 | D        | Reached skill level 5 in Spellcasting
    25 | D        | Reached skill level 5 in Summonings
    25 | D        | Reached skill level 5 in Necromancy
    25 | D        | Reached skill level 5 in Translocations
    25 | D        | Reached skill level 5 in Transmutations
    25 | D        | Reached skill level 5 in Air Magic
    25 | D        | Reached XP level 18. HP: 145/145 MP: 16/26
    25 | D        | Killed a meat berserker
    26 | D        | Became a worshipper of Makhleb the Destroyer
    27 | D        | Killed a meat berserker
    28 | D        | Noticed a destroyer
    29 | D        | Killed a meat berserker
    29 | D        | Reached * piety under Makhleb
    30 | D        | Reached XP level 19. HP: 118/151 MP: 17/29
    31 | D        | Reached ** piety under Makhleb
    32 | D        | Reached skill level 27 in Stealth
    32 | D        | Killed a large bag of meat
    32 | D        | Killed a destroyer
    33 | D        | Reached skill level 10 in Poison Magic
    33 | D        | Reached XP level 20. HP: 113/157 MP: 18/32
    33 | D        | Noticed a meat berserker
    33 | D        | Noticed a meat berserker
    34 | D        | Noticed a destroyer
    35 | D        | Noticed a meat berserker
    37 | D        | Killed a meat berserker
    37 | D        | Reached *** piety under Makhleb
    38 | D        | Reached skill level 10 in Conjurations
    38 | D        | Reached skill level 10 in Fire Magic
    38 | D        | Reached skill level 10 in Ice Magic
    39 | D        | Noticed a destroyer
    40 | D        | Killed a meat berserker
    41 | D        | Reached skill level 10 in Maces & Flails
    41 | D        | Reached skill level 10 in Staves
    41 | D        | Reached skill level 10 in Ranged Weapons
    41 | D        | Reached skill level 10 in Unarmed Combat
    41 | D        | Reached skill level 10 in Hexes
    41 | D        | Reached skill level 10 in Evocations
    41 | D        | Noticed a meat berserker
    41 | D        | Noticed a destroyer
    41 | D        | Noticed a meat berserker
    41 | D        | Noticed a meat berserker
    41 | D        | Noticed a destroyer
    42 | D        | Noticed a destroyer
    43 | D        | Killed a destroyer
    44 | D        | Killed a destroyer
    44 | D        | Reached **** piety under Makhleb
    45 | D        | Reached skill level 10 in Short Blades
    45 | D        | Reached skill level 10 in Long Blades
    45 | D        | Reached skill level 10 in Polearms
    45 | D        | Reached skill level 10 in Throwing
    45 | D        | Reached skill level 10 in Spellcasting
    45 | D        | Reached skill level 10 in Summonings
    45 | D        | Reached skill level 10 in Translocations
    45 | D        | Reached skill level 10 in Air Magic
    45 | D        | Reached XP level 21. HP: 163/163 MP: 20/35
    45 | D        | Killed a meat berserker
    45 | D        | Killed a meat berserker
    45 | D        | Reached ***** piety under Makhleb
    45 | D        | Noticed a destroyer
    46 | D        | Reached skill level 10 in Dodging
    46 | D        | Reached skill level 10 in Necromancy
    46 | D        | Reached skill level 10 in Transmutations
    46 | D        | Reached skill level 15 in Earth Magic
    46 | D        | Noticed a large bag of meat
    46 | D        | Killed a meat berserker
    46 | D        | Noticed a tyrant
    47 | D        | Reached skill level 15 in Invocations
    47 | D        | Killed a meat berserker
    47 | D        | Killed a destroyer
    47 | D        | Noticed a destroyer
    48 | D        | Reached skill level 15 in Conjurations
    48 | D        | Reached skill level 15 in Fire Magic
    48 | D        | Reached skill level 15 in Ice Magic
    48 | D        | Reached skill level 15 in Poison Magic
    48 | D        | Reached XP level 22. HP: 169/169 MP: 21/38
    48 | D        | Reached ****** piety under Makhleb
    50 | D        | Killed a destroyer
    51 | D        | Reached skill level 15 in Maces & Flails
    51 | D        | Reached skill level 15 in Staves
    51 | D        | Reached skill level 15 in Ranged Weapons
    51 | D        | Reached skill level 15 in Unarmed Combat
    51 | D        | Reached skill level 15 in Hexes
    51 | D        | Reached skill level 15 in Evocations
    51 | D        | Reached XP level 23. HP: 175/175 MP: 21/40
    52 | D        | Noticed a tyrant
    53 | D        | Killed a tyrant
    53 | D        | Killed a destroyer
    54 | D        | Reached skill level 27 in Invocations
    55 | D        | Killed a large bag of meat
    55 | D        | Noticed an accursed
    56 | D        | Reached skill level 15 in Short Blades
    56 | D        | Reached skill level 15 in Long Blades
    56 | D        | Reached skill level 15 in Polearms
    56 | D        | Reached skill level 15 in Throwing
    56 | D        | Reached skill level 15 in Spellcasting
    56 | D        | Reached skill level 15 in Summonings
    56 | D        | Reached skill level 15 in Translocations
    56 | D        | Reached skill level 15 in Air Magic
    56 | D        | Reached XP level 24. HP: 141/181 MP: 22/42
    57 | D        | Noticed a tyrant
    57 | D        | Killed a tyrant
    57 | D        | Killed a destroyer
    57 | D        | Noticed a destroyer
    58 | D        | Reached skill level 15 in Necromancy
    58 | D        | Reached skill level 15 in Transmutations
    58 | D        | Killed a destroyer
    58 | D        | Noticed a destroyer
    59 | D        | Reached skill level 15 in Dodging
    59 | D        | Reached XP level 25. HP: 161/187 MP: 23/43
    59 | D        | Noticed an accursed
    61 | D        | Noticed an accursed
    63 | D        | Killed a tyrant
    64 | D        | Killed a destroyer
    64 | D        | Noticed an accursed
    65 | D        | Reached XP level 26. HP: 193/193 MP: 24/45
    65 | D        | Killed a destroyer
    66 | D        | Noticed a meat beast
    68 | D        | Noticed a meat beast
    70 | D        | Noticed a meat beast
    70 | D        | Noticed a dread
    71 | D        | Killed an accursed
    71 | D        | Noticed a meat beast
    72 | D        | Killed a meat beast
    72 | D        | Noticed a meat beast
    73 | D        | Reached skill level 27 in Earth Magic
    73 | D        | Reached XP level 27. HP: 16/199 MP: 26/46
    73 | D        | Noticed a dread
    73 | D        | Noticed a tyrant
    73 | D        | HP: 3/199 [meat berserker/+9 battleaxe (17)]
    74 | D        | Killed a meat beast
    74 | D        | Killed a meat beast
    74 | D        | Noticed a dread
    75 | D        | Killed a meat beast
    75 | D        | Noticed a destroyer
    76 | D        | Killed an accursed
    76 | D        | Noticed a meat beast
    76 | D        | Noticed The Captor
    77 | D        | Killed a meat beast
    78 | D        | Reached skill level 27 in Conjurations
    78 | D        | Reached skill level 27 in Fire Magic
    78 | D        | Reached skill level 27 in Ice Magic
    78 | D        | Reached skill level 27 in Poison Magic
    78 | D        | Noticed a meat beast
    78 | D        | Noticed a meat beast
    78 | D        | Noticed a large bag of meat
    78 | D        | Noticed a large bag of meat
    78 | D        | Noticed an accursed
    78 | D        | Noticed a destroyer
    78 | D        | Noticed a destroyer
    78 | D        | Noticed a destroyer
    78 | D        | Noticed a tyrant
    79 | D        | Killed a tyrant
    79 | D        | Killed a meat beast
    80 | D        | Noticed a meat beast
    80 | D        | Killed a meat beast
    81 | D        | Reached skill level 27 in Staves
    81 | D        | Reached skill level 27 in Ranged Weapons
    81 | D        | Reached skill level 27 in Unarmed Combat
    81 | D        | Reached skill level 27 in Hexes
    81 | D        | Reached skill level 27 in Evocations
    81 | D        | Noticed a dread
    81 | D        | Noticed a dread
    82 | D        | Killed a destroyer
    82 | D        | Noticed a tyrant
    83 | D        | Reached skill level 27 in Short Blades
    83 | D        | Reached skill level 27 in Maces & Flails
    83 | D        | Reached skill level 27 in Summonings
    83 | D        | Reached skill level 27 in Translocations
    83 | D        | Killed a destroyer
    83 | D        | Killed a dread
    84 | D        | Reached skill level 27 in Long Blades
    84 | D        | Reached skill level 27 in Polearms
    84 | D        | Reached skill level 27 in Throwing
    84 | D        | Reached skill level 27 in Spellcasting
    84 | D        | Killed a meat beast
    84 | D        | Noticed a dread
    85 | D        | Reached skill level 27 in Dodging
    85 | D        | Reached skill level 27 in Necromancy
    85 | D        | Reached skill level 27 in Transmutations
    85 | D        | Reached skill level 27 in Air Magic
    85 | D        | Killed a meat beast
    85 | D        | Killed a dread
    86 | D        | Noticed a destroyer
    86 | D        | Noticed a meat beast
    87 | D        | Killed a meat beast
    87 | D        | Killed a destroyer
    87 | D        | Killed The Captor
    89 | D        | Killed an accursed
    89 | D        | Killed a destroyer
    89 | D        | Killed a large bag of meat
    90 | D        | Noticed a destroyer
    90 | D        | Noticed a large bag of meat
    90 | D        | Noticed a destroyer
    93 | D        | Killed a dread
    93 | D        | Noticed a destroyer
    94 | D        | Noticed a large bag of meat
    95 | D        | Killed a dread
    95 | D        | Killed a large bag of meat
    95 | D        | Noticed an accursed
    95 | D        | Killed a large bag of meat
    95 | D        | Killed a large bag of meat
    96 | D        | Killed a destroyer
    96 | D        | Killed a dread
    96 | D        | Killed an accursed
    97 | D        | Killed an accursed
    97 | D        | Killed a destroyer
    97 | D        | Killed a tyrant
    97 | D        | Noticed a large bag of meat
    98 | D        | Killed a dread
    98 | D        | Noticed a destroyer
    98 | D        | Noticed a destroyer
    99 | D        | Killed a destroyer
    99 | D        | Killed a destroyer
    99 | D        | Killed a large bag of meat
    99 | D        | Killed a large bag of meat
   100 | D        | Killed a destroyer
   101 | D        | Noticed The Servant
   101 | D        | Noticed a tyrant
   102 | D        | Noticed a meat beast
   102 | D        | Noticed a tyrant
   103 | D        | Killed a destroyer
   103 | D        | Noticed a destroyer
   104 | D        | Noticed an accursed
   105 | D        | Killed an accursed
   107 | D        | Killed a meat beast
   107 | D        | Noticed a large bag of meat
   108 | D        | Killed a destroyer
   109 | D        | Killed a tyrant
   109 | D        | Killed a tyrant
   110 | D        | Noticed a meat beast
   110 | D        | Killed a large bag of meat
   112 | D        | Killed The Servant
   114 | D        | Killed a meat beast
   114 | D        | Killed a tyrant
   115 | D        | Noticed a dread
   116 | D        | Noticed an accursed
   116 | D        | Noticed a dread
   117 | D        | Killed a large bag of meat
   118 | D        | Noticed a dread
   118 | D        | Noticed a destroyer
   119 | D        | Noticed a fleshlord
   119 | D        | Noticed a fleshlord
   119 | D        | Annihilated by a sculptor of flesh

Illustrated notes

Levels and vault maps discovered:
D:        meatsprint

Skill      XL: |  1  2  3  4  5  6  7  8  9 10 11 12 13 14 15 16 17 18 19 20 21 22 23 24 25 26 27 |
---------------+----------------------------------------------------------------------------------+-----
Fighting       | 18 19 21 24 26 27 | 27.0
Axes           | 15 16 17 20 22 27 | 27.0
Armour         | 18 19 20 24 26 27 | 27.0
Shields        | 18 19 21 24 26 27 | 27.0
Short Blades   | 1 5 6 8 10 12 13 15 17 18 21 27 | 27.0
Long Blades    | 1 5 6 8 10 12 13 15 16 18 19 27 | 27.0
Maces & Flails | 1 6 7 9 11 13 15 16 18 19 21 27 | 27.0
Polearms       | 1 5 6 8 10 12 13 15 16 18 19 27 | 27.0
Staves         | 1 6 7 9 11 13 15 16 18 19 21 27 | 27.0
Ranged Weapons | 1 6 7 9 11 13 15 16 18 19 21 27 | 27.0
Throwing       | 1 5 6 8 10 12 13 15 16 18 19 27 | 27.0
Dodging        | 1 5 6 7 9 11 12 14 15 16 18 27 | 27.0
Stealth        | 1 7 22 27 | 27.0
Unarmed Combat | 1 6 7 9 11 13 15 16 18 19 21 27 | 27.0
Spellcasting   | 1 5 6 8 10 12 13 15 16 18 19 27 | 27.0
Conjurations   | 1 6 8 9 12 15 16 18 19 21 23 27 | 27.0
Hexes          | 1 6 7 9 11 14 15 17 18 19 22 27 | 27.0
Summonings     | 1 5 7 8 10 12 13 15 17 18 21 27 | 27.0
Necromancy     | 1 5 6 7 9 11 12 14 16 17 19 27 | 27.0
Translocations | 1 5 6 8 10 12 13 15 17 18 21 27 | 27.0
Transmutations | 1 5 6 7 9 11 12 14 16 17 19 27 | 27.0
Fire Magic     | 1 6 7 9 11 15 16 18 19 21 23 27 | 27.0
Ice Magic      | 1 6 7 9 11 15 16 18 19 21 23 27 | 27.0
Air Magic      | 1 5 6 7 10 12 13 15 16 18 20 27 | 27.0
Earth Magic    | 1 7 9 11 14 17 19 21 23 24 27 | 27.0
Poison Magic   | 1 6 8 10 12 15 16 18 20 21 23 27 | 27.0
Invocations    | 2 7 9 11 13 16 18 27 | 27.0
Evocations     | 1 6 7 9 11 14 15 17 18 19 22 27 | 27.0

Action                   |  1- 3 |  4- 6 |  7- 9 | 10-12 | 13-15 | 16-18 | 19-21 | 22-24 | 25-27 || total
-------------------------+-------+-------+-------+-------+-------+-------+-------+-------+-------++-------
Melee: Executioner's axe |     1 |       |       |     1 |     5 |     9 |     9 |     7 |    49 ||    81
Invok: Greater Servant o |       |       |       |       |       |       |       |     2 |     3 ||     5
       Lesser Servant of |       |       |       |       |       |       |       |     1 |     1 ||     2
  Use: Potion            |       |       |       |       |       |       |       |       |     3 ||     3
       Scroll            |       |       |       |       |       |       |       |       |     1 ||     1
Armor: Scale mail        |       |       |       |       |       |     1 |       |     1 |    33 ||    35
Dodge: Dodged            |     1 |       |       |       |       |       |       |       |    20 ||    21

Table legend: (Time is in decaauts)
 A = Elapsed time spent in this place.
 B = Non-inter-level travel time spent in this place.
 C = Inter-level travel time spent in this place.
 D = Time resting spent in this place.
 E = Time spent auto-exploring this place.
 F = Levels seen in this place.
 G = Mean time per level.
                   A        B        C        D        E       F      G
               +--------+--------+--------+--------+--------+-----+--------+
         Total |    101 |    101 |      0 |      0 |      0 |   1 |  101.0 |
       Dungeon |    101 |    101 |      0 |      0 |      0 |   1 |  101.0 |
               +--------+--------+--------+--------+--------+-----+--------+

Top non-repeatable levels by time:
       D: 101 daAuts
